 Dungeon Crawl Stone Soup version 0.17.1-3-g152610e (webtiles) character file.

235 Gargoyl the Skirmisher (level 5, 0/42 HPs)
             Began as a Demonspawn Abyssal Knight on Apr 22, 2016.
             Was a Priest of Lugonu.
             Killed by divine providence
             ... invoked by an orc priest
              (15 damage)
             ... on level 3 of the Dungeon.
             The game lasted 00:06:31 (2846 turns).

Gargoyl the Skirmisher (Demonspawn Abyssal Knight)  Turns: 2846, Time: 00:06:32

Health: 0/42       AC: 13    Str: 14    XL:     5   Next: 76%
Magic:  3/7        EV:  4    Int: 13    God:    Lugonu [***...]
Gold:   146        SH:  0    Dex: 12    Spells: 0 memorised, 4 levels left

rFire  . . .     SeeInvis +     t - +0 war axe (freeze)
rCold  . . .     Clarity  .     o - +0 plate armour
rNeg   . . .     SustAt   .     (no shield)
rPois  .         Gourm    .     (no helmet)
rElec  .         Spirit   .     i - +0 cloak
rCorr  .         Warding  .     m - +0 pair of gloves
rMut   .         Stasis   .     (no boots)
MR     .....                    (no amulet)
Stlth  ..........               (no ring)
                                s - ring of see invisible

@: drained, not resistant to hostile enchantments, extremely unstealthy
A: talons 1, demonic guardian 1, rot immunity
a: Depart the Abyss, Bend Space, Banish, Renounce Religion


You were on level 3 of the Dungeon.
You worshipped Lugonu.
Lugonu was most pleased with you.
You were not hungry.

You visited 1 branch of the dungeon, and saw 3 of its levels.
You visited the Abyss 1 time.

You collected 146 gold pieces.

Inventory:

Hand Weapons
 t - a +0 war axe of freezing (weapon)
Armour
 i - a +0 cloak (worn)
 m - a +0 pair of gloves (worn)
 o - a +0 plate armour (worn)
Jewellery
 s - a ring of see invisible (left hand)
Scrolls
 b - a scroll of amnesia
 d - a scroll of fog {unknown}
 e - a scroll of enchant armour {unknown}
 f - 3 scrolls of teleportation
 g - a scroll of remove curse {unknown}
 j - 3 scrolls of identify
 k - a scroll of recharging {unknown}
 p - a scroll of magic mapping {unknown}
 r - a scroll of random uselessness {unknown}
Potions
 l - a potion of flight {unknown}
 q - a potion of magic {unknown}
Comestibles
 c - 2 bread rations
 n - a beef jerky


   Skills:
 + Level 3.8(3.2) Fighting
 + Level 3.1(2.4) Axes
 * Level 3.8(3.2) Armour
 + Level 1.6(1.0) Dodging
 + Level 0.2(0.0) Stealth
 + Level 2.9(2.3) Invocations


You had 4 spell levels left.
You didn't know any spells.

Dungeon Overview and Level Annotations

Branches:
Dungeon (3/15)

Altars:
Cheibriados
Trog


Innate Abilities, Weirdness & Mutations

You have sharp toenails.
A weak demonic guardian rushes to your aid.
You are immune to rotting.


Message History

Your plate armour prevents you from hitting the orc priest.
The orc priest is heavily wounded.
The orc priest barely misses you.
You hit the orc priest but do no damage.
Your kick misses the orc priest.
The orc priest is heavily wounded.
The orc priest hits you but does no damage.
You hit the orc priest. You freeze the orc priest.
The orc priest is severely wounded.
The orc priest completely misses you.
Your plate armour prevents you from hitting the orc priest.
The orc priest is severely wounded.
The orc priest barely misses you.
Your plate armour prevents you from hitting the orc priest.
The orc priest is severely wounded.
The orc priest calls down the wrath of Beogh upon you.
Pain shoots through your body!
The orc priest mumbles some strange prayers to Beogh against you.
Something smites you!
You die...

#...(.†.....#
#.###########
#.# #(# #.# #
##(### # ##.(..#
#
##....##########
## #.@)..#
#......###.
#o)).##
######.....
#.)..## #####.
#....# ## #.$.##
# ...## # #.(#
########### #..
#..........
###########


You could see an orc priest.

Vanquished Creatures
  An orc wizard (D:3)
  Crazy Yiuf (D:2)
  An iguana (D:3)
  Jessica (D:2)
  4 adders
  A worm (D:3)
  12 orcs
  6 hobgoblins
  3 jackals (D:1)
  14 bats
  A giant cockroach (D:3)
  A giant gecko (D:2)
  4 giant newts
  9 goblins
  4 kobolds
  2 quokkas (D:2)
  10 rats
75 creatures vanquished.

Vanquished Creatures (collateral kills)
  A giant newt (D:3)
1 creature vanquished.

Grand Total: 76 creatures vanquished

Notes
Turn   | Place    | Note
--------------------------------------------------------------
     0 | Abyss:1  | Gargoyl the Demonspawn Abyssal Knight began the quest for the Orb.
     0 | Abyss:1  | Reached XP level 1. HP: 18/18 MP: 2/2
    43 | Abyss:2  | Found a corrupted altar of Lugonu.
    56 | Abyss:2  | Noticed a tormentor
    74 | D:1      | Escaped the Abyss
   410 | D:1      | Reached * piety under Lugonu
   559 | D:1      | Gained mutation: You have sharp toenails. [demonic ancestry]
   559 | D:1      | Reached XP level 2. HP: 21/24 MP: 3/3
   607 | D:1      | Reached skill level 1 in Dodging
  1038 | D:2      | Found a bloodstained altar of Trog.
  1133 | D:2      | Gained mutation: You are immune to rotting. [demonic ancestry]
  1133 | D:2      | Reached XP level 3. HP: 26/29 MP: 5/5
  1144 | D:2      | Reached ** piety under Lugonu
  1205 | D:2      | Noticed Crazy Yiuf
  1215 | D:2      | Killed Crazy Yiuf
  1395 | D:2      | Reached XP level 4. HP: 35/35 MP: 6/6
  1485 | D:2      | Found a snail-covered altar of Cheibriados.
  1487 | D:2      | Noticed Jessica
  1499 | D:2      | Killed Jessica
  1979 | D:3      | Gained mutation: A weak demonic guardian rushes to your aid. [demonic ancestry]
  1979 | D:3      | Reached XP level 5. HP: 12/42 MP: 7/7
  2680 | D:3      | Reached *** piety under Lugonu
  2846 | D:3      | Killed from afar by an orc priest

Action                   |  1- 3 |  4- 6 || total
-------------------------+-------+-------++-------
Melee: Hand axe          |    89 |   130 ||   219
       War axe           |       |    57 ||    57
Invok: Depart the Abyss  |     1 |       ||     1
       Banish            |       |     1 ||     1
  Use: Scroll            |       |     3 ||     3
       Potion            |       |     3 ||     3
  Eat: Chunk             |     2 |     5 ||     7
